 Dungeon Crawl Stone Soup version 0.26-a0-451-gacbe401039 (webtiles) character file.

Game seed: 16750712751946735007

3119 Morbidden the Thaumaturge (level 9, -14/69 HPs)
             Began as a Vine Stalker Conjurer on July 28, 2020.
             Was an Elder of Cheibriados.
             Demolished by an orc warrior
             ... wielding a +0 war axe
              (19 damage)
             ... in a bailey.
             The game lasted 00:19:00 (8510 turns).

Morbidden the Thaumaturge (Vine Stalker Conjurer)   Turns: 8510, Time: 00:19:01

Health: -14/69     AC: 24    Str: 24    XL:     9   Next: 91%
Magic:  0/22       EV:  2    Int: 31    God:    Cheibriados [****..]
Gold:   551        SH:  5    Dex: 22    Spells: 13/24 levels left

rFire    + + .     SeeInvis .   a - +6 broad axe of Festooned Subterfuge {flame, rF+ rC+ Str+3}
rCold    + . .     Faith    .   (no shield)
rNeg     + + +     Spirit   +   (armour currently unavailable)
rPois    +         Reflect  +   (helmet currently unavailable)
rElec    .         Harm     .   (cloak currently unavailable)
rCorr    .         NoTele   +   (gloves currently unavailable)
MR       +....                  (boots currently unavailable)
Stlth    +++.......             y - amulet of reflection
HPRegen  0.61/turn              A - ring of protection from fire
MPRegen  0.18/turn              (no ring)

@: mighty, tree-form, very slow
A: regeneration 1, magic shield, no potion heal 3, rot immunity
a: Bend Time, Temporal Distortion, Slouch, Renounce Religion


You were in a bailey.
You worshipped Cheibriados.
Cheibriados was greatly pleased with you.
You were a tree.
You visited 1 branch of the dungeon, and saw 8 of its levels.
You also visited: Bailey.

You collected 551 gold pieces.

Inventory:

Hand Weapons
 a - the +6 broad axe of Festooned Subterfuge (weapon) {flame, rF+ rC+ Str+3}
   (You found it on level 7 of the Dungeon)

   It has been specially enchanted to burn those struck by it, causing extra
   injury to most foes and up to half again as much damage against particularly
   susceptible opponents.
   Big, fiery blades are also staple armaments of hydra-hunters.
   It affects your strength (+3).
   It protects you from fire.
   It protects you from cold.
 F - a +2 dagger of venom
Missiles
 t - 6 boomerangs
 C - 6 curare-tipped darts (quivered)
Armour
 h - a +1 robe (melded)
 x - a +0 cloak (melded)
Magical Staves
 b - an uncursed staff of conjuration
Jewellery
 y - an amulet of reflection (around neck)
 A - a ring of protection from fire (left branch)
Wands
 p - a wand of flame (9)
 w - a wand of enslavement (5)
Scrolls
 f - 3 scrolls of remove curse
 i - 3 scrolls of enchant armour
 j - 2 scrolls of teleportation
 m - 2 scrolls of fear
 o - 2 scrolls of amnesia
 r - a scroll of blinking
 v - 2 scrolls of enchant weapon
Potions
 c - 3 potions of cancellation
 d - a potion of curing
 e - a potion of flight {unknown}
 g - 2 potions of resistance {unknown}
 k - a potion of magic {unknown}
 l - 3 potions of brilliance
 n - 2 potions of lignification
 q - a potion of berserk rage {unknown}
 s - 2 potions of might
 B - 3 potions of degeneration {unknown}
 D - a potion of stabbing {unknown}
 E - 2 potions of ambrosia {unknown}
 H - a potion of haste {unknown}


   Skills:
 * Level 4.3 Fighting
 + Level 2.3 Short Blades
 + Level 0.5 Axes
 + Level 3.3 Dodging
 + Level 4.7 Stealth
 + Level 1.0 Unarmed Combat
 * Level 8.3 Spellcasting
 + Level 6.6 Conjurations
 * Level 3.0 Air Magic
 * Level 4.1 Invocations
 + Level 0.8 Evocations


You had 13 spell levels left.
You knew the following spells:

 Your Spells              Type           Power        Failure   Level
a - Magic Dart            Conj           ####         1%          1
b - Searing Ray           Conj           ######       1%          2
c - Airstrike             Air            ####......   11%         4
z - Iskenderun's Mystic   Conj/Tloc      ####....     10%         4

Your spell library contained the following spells:

 Spells                   Type           Power        Failure   Level
 Shock                    Conj/Air       ####         1%          1
 Swiftness                Air            ####....     1%          2
 Static Discharge         Conj/Air       #####...     1%          3
 Dazzling Flash           Conj/Hex       ####..       3%          3
 Animate Skeleton         Necr           ##....       4%          1
 Pain                     Necr           ##..         4%          1
 Fulminant Prism          Conj/Hex       ####......   10%         4
 Vampiric Draining        Necr           ##........   12%         3
 Lightning Bolt           Conj/Air       #####.....   16%         5
 Animate Dead             Necr           ##........   36%         4
 Agony                    Necr           ##......     73%         5


Dungeon Overview and Level Annotations

Branches:
Dungeon (8/15)             Temple (0/1) D:6          Bailey (1/1)
   Lair: D:8-11

Altars:
Ashenzari
Cheibriados
Dithmenos
Kikubaaqudgha
Okawaru
Qazlal
Ru
Xom
The Shining One


Innate Abilities, Weirdness & Mutations

((You have razor-sharp teeth.))
Your natural rate of healing is unusually fast.
When hurt, damage is shared between your health and your magic reserves.
((Your bite disrupts and absorbs the magic of your enemies.))
Potions cannot restore your health.
You are immune to rotting.


Message History

Unknown command.
It was a potion of curing.
That felt strangely inert.
The orc warrior hits you but does no damage.
Unknown command.
Okay, then.
You slash the orc knight! You burn the orc knight.
The orc knight is almost dead.
You closely miss the orc warrior.
The orc knight hits you but does no damage.
You block the orc warrior's attack.
The orc knight hits you with a +0 war axe.
* * * LOW HITPOINT WARNING * * *
Unknown command.
Unknown command.
Unknown command.
You hit the orc knight. You burn the orc knight.
The orc knight is almost dead.
You barely miss the orc warrior.
The orc warrior hits you with a +0 war axe!!
You die...

....... ..... ...
###'### ##.....##
#...8...# #∩.))?.∩#
##oo.).##
####♣''####
##≈.......≈##
#####≈≈.......≈≈###
#^'.'≈≈.......≈≈'.'
#.###≈≈.......≈≈###.
#.'.'≈≈.......≈≈'.'.
#.###≈≈.......≈≈###.
#.'.(≈≈.......≈≈(.'.
#.###≈≈.......≈≈###.


You could see an orc knight and an orc warrior (strong).

Vanquished Creatures
  Pikel (D:4)
  Grinder (D:6)
  A hippogriff (D:3)
  A wyvern (D:6)
  2 orc warriors
  A sky beast (D:7)
  An ice beast (D:3)
  An ogre (D:5)
  A black bear (D:7)
  2 phantoms
  A centaur (D:6)
  3 lemures (D:4)
  A crocodile (D:7)
  A big kobold (D:7)
  4 bullfrogs
  A scorpion (D:6)
  A howler monkey (D:6)
  A centaur zombie (D:5)
  A bullfrog skeleton (D:7)
  4 hounds
  2 jellies (D:7)
  2 orc priests (D:5)
  A bullfrog zombie (D:5)
  2 iguanas
  4 orc wizards
  4 worker ants
  A hound zombie (D:6)
  14 adders
  4 white imps
  2 oozes (D:2)
  An adder zombie (D:7)
  2 worms (D:2)
  6 dart slugs
  4 leopard geckos
  13 orcs
  10 bats
  9 giant cockroaches
  14 goblins
  13 hobgoblins
  23 kobolds
  3 quokkas
  12 frilled lizards
  A goblin skeleton (D:4)
  2 hobgoblin zombies (D:4)
  A jackal zombie (D:6)
  A kobold skeleton (D:4)
  A kobold zombie (D:4)
  A leopard gecko zombie (D:6)
  An orc skeleton (D:4)
  2 orc zombies (D:4)
  2 quokka skeletons
  6 rats
194 creatures vanquished.

Vanquished Creatures (collateral kills)
  A hobgoblin (Bailey)
1 creature vanquished.

Vanquished Creatures (others)
  A gnoll (Bailey)
1 creature vanquished.

Grand Total: 196 creatures vanquished

Notes
Turn   | Place    | Note
-------+----------+-------------------------------------------
     0 | D:1      | Morbidden the Vine Stalker Conjurer began the quest for the
                  | Orb.
     0 | D:1      | Reached XP level 1. HP: 9/9 MP: 4/4
   357 | D:1      | Reached XP level 2. HP: 13/13 MP: 1/6
   890 | D:1      | Reached XP level 3. HP: 15/16 MP: 7/7
   937 | D:1      | Learned a level 2 spell: Searing Ray
  1546 | D:2      | Gained mutation: Your natural rate of healing is unusually
                  | fast. [Vine Stalker growth]
  1546 | D:2      | Reached XP level 4. HP: 21/21 MP: 5/9
  1686 | D:2      | Reached skill level 5 in Conjurations
  1963 | D:2      | Reached skill level 3 in Spellcasting
  2151 | D:2      | Reached skill level 1 in Fighting
  2197 | D:2      | Reached XP level 5. HP: 25/25 MP: 7/10
  2499 | D:2      | Found a snail-covered altar of Cheibriados.
  2505 | D:2      | Became a worshipper of Cheibriados the Contemplative
  2714 | D:3      | Noticed a hippogriff
  2725 | D:3      | Killed a hippogriff
  2725 | D:3      | Reached skill level 1 in Unarmed Combat
  2725 | D:3      | Reached skill level 4 in Spellcasting
  2725 | D:3      | Reached skill level 1 in Invocations
  2725 | D:3      | Reached XP level 6. HP: 13/30 MP: 1/13
  3222 | D:3      | Found a shimmering altar of Xom.
  3228 | D:3      | Reached * piety under Cheibriados
  3436 | D:3      | Noticed an ice beast
  3440 | D:3      | Killed an ice beast
  3440 | D:3      | Reached XP level 7. HP: 27/34 MP: 9/15
  3914 | D:4      | Found a sacrificial altar of Ru.
  3991 | D:4      | Found a glowing golden altar of the Shining One.
  4749 | D:5      | Entered Level 5 of the Dungeon
  4759 | D:5      | Reached ** piety under Cheibriados
  4759 | D:5      | Reached skill level 1 in Short Blades
  4759 | D:5      | Reached skill level 5 in Spellcasting
  4921 | D:5      | Noticed Pikel
  4948 | D:4      | Killed Pikel
  4948 | D:4      | Reached skill level 6 in Spellcasting
  4948 | D:4      | Gained mutation: You have razor-sharp teeth. [Vine Stalker
                  | growth]
  4948 | D:4      | Reached XP level 8. HP: 32/39 MP: 10/18
  5048 | D:5      | Learned a level 4 spell: Airstrike
  5119 | D:5      | Found a shadowy altar of Dithmenos.
  5199 | D:5      | Found an ancient bone altar of Kikubaaqudgha.
  5524 | D:5      | Reached skill level 1 in Air Magic
  6052 | D:6      | Noticed Grinder
  6061 | D:6      | Killed Grinder
  6061 | D:6      | Reached skill level 7 in Spellcasting
  6061 | D:6      | Reached XP level 9. HP: 44/44 MP: 3/20
  6234 | D:6      | Found an iron altar of Okawaru.
  6340 | D:6      | Found a staircase to the Ecumenical Temple.
  6344 | D:6      | Reached *** piety under Cheibriados
  7212 | D:7      | Learned a level 4 spell: Iskenderun's Mystic Blast
  7511 | D:7      | Found a shattered altar of Ashenzari.
  7693 | D:7      | Got a translucent broad axe
  7694 | D:7      | Identified the +6 broad axe of Festooned Subterfuge {flame,
                  | rF+ rC+ Str+3} (You found it on level 7 of the Dungeon)
  7823 | D:7      | Reached skill level 8 in Spellcasting
  8054 | D:7      | Reached **** piety under Cheibriados
  8112 | D:7      | Found a stormy altar of Qazlal.
  8309 | D:8      | Found a flagged portal.
  8333 | Bailey   | Entered a bailey
  8493 | Bailey   | Noticed an orc knight
  8510 | Bailey   | Demolished by an orc warrior

Illustrated notes

Levels and vault maps discovered:
D:1:      evilmike_arrival_crescent, layout_basic
D:2:      layout_loops_ring, kennysheep_slug_shrine, minmay_quadrilaterals
D:3:      layout_loops_corners, tgw_xom
D:4:      lemuel_upstairs_altar, layout_loops_ring, lemuel_round_altar,
          nicolae_tso_besieged_by_evil
D:5:      layout_loops_cross, lemuel_doored_altar, basic_altar, uniq_pikel
D:6:      cheibrodos_barr_body, layout_loops_cross, lemuel_crystal_altar,
          minmay_temple_entry_statues_pillars, grunt_ministairs_9, uniq_grinder
D:7:      layout_basic, ashenzari_altar_1, kennysheep_mini_moat
D:8:      layout_layer_cave, nicolae_overflow_hidden_temple, enter_bailey_2,
          serial_shops, shop, st_stairs_11, uniq_harold, uniq_grum
Bailey:   bailey_axe_3, bailey

Skill      XL: |  1  2  3  4  5  6  7  8  9 |
---------------+----------------------------+-----
Conjurations   | 5 6 |  6.6
Spellcasting   | 3 4 6 7 8 |  8.3
Fighting       | 1 2 3 4 |  4.3
Stealth        | 3 4 |  4.7
Dodging        | 2 3 |  3.3
Unarmed Combat | 1 |  1.0
Invocations    | 1 2 3 4 |  4.1
Short Blades   | 1 2 |  2.3
Air Magic      | 1 3 |  3.0
Axes           | |  0.5
Evocations     | |  0.8

Action                   |  1- 3 |  4- 6 |  7- 9 || total
-------------------------+-------+-------+-------++-------
Melee: Unarmed           |    11 |       |       ||    11
       Bite              |     8 |     3 |    32 ||    43
       Dagger            |    18 |    40 |    69 ||   127
       Punch             |       |       |     1 ||     1
       Broad axe         |       |       |    24 ||    24
       Staff             |       |       |     1 ||     1
Throw: Dart              |       |       |     2 ||     2
 Cast: Magic Dart        |    48 |    84 |    91 ||   223
       Searing Ray       |     1 |     8 |    52 ||    61
Evoke: Wand              |       |     3 |     4 ||     7
  Use: Scroll            |     1 |     4 |    11 ||    16
       Potion            |       |       |     3 ||     3
 Stab: Sleeping          |       |       |     1 ||     1
Armor: Robe              |     3 |     8 |    17 ||    28
       Skin              |       |       |     3 ||     3
Dodge: Dodged            |    21 |    46 |    83 ||   150
Block: Other             |       |       |    13 ||    13
       Reflection        |       |       |     2 ||     2

Table legend: (Time is in decaauts)
 A = Elapsed time spent in this place.
 B = Non-inter-level travel time spent in this place.
 C = Inter-level travel time spent in this place.
 D = Time resting spent in this place.
 E = Time spent auto-exploring this place.
 F = Levels seen in this place.
 G = Mean time per level.
                   A        B        C        D        E       F      G
               +--------+--------+--------+--------+--------+-----+--------+
         Total |  10296 |  10050 |    246 |    536 |   8186 |   9 | 1144.0 |
       Dungeon |  10072 |   9826 |    246 |    536 |   8090 |   8 | 1259.0 |
        Bailey |    224 |    224 |      0 |      0 |     95 |   1 |  224.0 |
               +--------+--------+--------+--------+--------+-----+--------+

Top non-repeatable levels by time:
     D:7: 1634 daAuts
     D:3: 1621 daAuts
     D:6: 1614 daAuts
     D:1: 1347 daAuts
     D:5: 1294 daAuts
     D:4: 1270 daAuts
     D:2: 1212 daAuts
  Bailey: 224 daAuts
     D:8: 77 daAuts
